 Dungeon Crawl Stone Soup version 0.18-b1-22-ge198996 (webtiles) character file.

158 graki42 the Ruffian (level 5, -2/45 HPs)
             Began as a Naga Transmuter on May 4, 2016.
             Was a Follower of Cheibriados.
             Slain by a killer bee zombie (6 damage)
             ... on level 4 of the Dungeon.
             The game lasted 00:13:29 (3073 turns).

graki42 the Ruffian (Naga Transmuter)               Turns: 3073, Time: 00:13:30

Health: -2/45      AC:  5    Str: 15    XL:     5   Next: 40%
Magic:  4/9        EV: 10    Int: 15    God:    Cheibriados [*.....]
Gold:   215        SH:  0    Dex: 14    Spells: 3 memorised, 3 levels left

rFire  + . .     SeeInvis +       - Unarmed
rCold  . . .     Gourm    .     s - +2 robe {rF+}
rNeg   . . .     Faith    .     (no shield)
rPois  +         Spirit   .     (no helmet)
rElec  .         Dismiss  .     e - +0 cloak
rCorr  .         Reflect  .     (no gloves)
SustAt .         Harm     .     (no barding)
MR     .....                    (no amulet)
Stlth  ++........               (no ring)
                                (no ring)

@: appendage (expiring), very slightly contaminated, very slow, not resistant to
hostile enchantments, unstealthy
A: horns 2, see invisible, deformed body, poison resistance, slowness 2, slow
metabolism 1, spit poison 2, AC +1
a: Spit Poison, End Transformation, Bend Time, Renounce Religion


You were on level 4 of the Dungeon.
You worshipped Cheibriados.
Cheibriados was aware of your devotion.
You were hungry.
You had grown temporary horns.
You visited 1 branch of the dungeon, and saw 4 of its levels.

You collected 215 gold pieces.

Inventory:

Missiles
 a - 47 arrows
 m - 3 javelins (quivered)
Armour
 e - a +0 cloak (worn)
 s - a +2 robe of fire resistance (worn)
Scrolls
 g - a scroll of identify
 j - a scroll of amnesia
Potions
 b - a potion of magic {unknown}
 n - a potion of degeneration {unknown}
 p - 3 potions of curing
 t - a potion of ambrosia {unknown}
 u - a potion of invisibility {unknown}
Books
 c - a book of Changes

   Spells                             Type                      Level
   a - Beastly Appendage              Transmutation                1
   b - Sticks to Snakes               Transmutation                2
   c - Spider Form                    Transmutation/Poison         3
   d - Ice Form                       Ice/Transmutation            4
   e - Blade Hands                    Transmutation                5
Comestibles
 d - 3 bread rations
 f - 6 fruits
 i - 2 royal jellies
 l - a slice of pizza
 q - 3 meat rations


   Skills:
 + Level 1.9 Fighting
 + Level 2.2 Dodging
 + Level 1.4 Stealth
 + Level 3.7 Unarmed Combat
 + Level 2.9 Spellcasting
 + Level 2.9 Transmutations
 - Level 1.0 Poison Magic


You had 3 spell levels left.
You knew the following spells:

 Your Spells              Type           Power        Failure   Level  Hunger
a - Beastly Appendage     Trmt           ##....       8%          1    #......
b - Sticks to Snakes      Trmt           ##......     12%         2    ##.....
c - Spider Form           Trmt/Pois      #.........   30%         3    ###....


Dungeon Overview and Level Annotations

Branches:
Dungeon (4/15)
 Temple: D:4-7

Altars:
Ashenzari
Cheibriados
Kikubaaqudgha


Innate Abilities, Weirdness & Mutations

You cannot wear boots.
Your serpentine skin is tough (AC +1).
You have supernaturally acute eyesight.
Armour fits poorly on your strangely shaped body.
Your system is resistant to poisons.
You cover ground very slowly.
You have a slow metabolism.
You can spit poison.
You have a pair of horns on your head.


Message History

The adder barely misses your ball python.
The killer bee zombie closely misses you.
Your ball python bites the adder.
Your ball python constricts the adder.
The adder bites your ball python.
Your ball python dies!
You hit the killer bee zombie.
Your headbutt misses the killer bee zombie.
The killer bee zombie hits you. x2
You hit the killer bee zombie. You headbutt the killer bee zombie.
The killer bee zombie hits you but does no damage.
The killer bee zombie hits you.
* * * LOW HITPOINT WARNING * * *
You miss the killer bee zombie. You headbutt the killer bee zombie.
The killer bee zombie barely misses you.
You barely miss the killer bee zombie. The killer bee zombie misses you.
The killer bee zombie closely misses you.
You miss the killer bee zombie. The killer bee zombie hits you!
* * * LOW HITPOINT WARNING * * *
The killer bee zombie hits you.
You die...

#####......O...
####...#..........
.?................
..................
......?...........
..................
.......S..........
###...#Z######....
#.. #@# .... #.
#.# ... # #.# ..
#.# +.# ###


You could see an adder and a killer bee zombie.

Vanquished Creatures
  Jessica (D:2)
  5 adders
  An ooze (D:3)
  A dart slug (D:2)
  7 orcs (D:3)
  3 ball pythons
  3 giant cockroaches
  6 goblins
  12 hobgoblins
  3 jackals (D:2)
  2 quokkas
  8 bats
  5 giant newts
  8 kobolds
  9 rats
74 creatures vanquished.

Vanquished Creatures (collateral kills)
  2 orcs (D:3)
  A bat (D:3)
3 creatures vanquished.

Grand Total: 77 creatures vanquished

Notes
Turn   | Place    | Note
--------------------------------------------------------------
     0 | D:1      | graki42 the Naga Transmuter began the quest for the Orb.
     0 | D:1      | Reached XP level 1. HP: 18/18 MP: 3/3
    85 | D:1      | Reached XP level 2. HP: 3/25 MP: 3/5
   655 | D:1      | Learned a level 2 spell: Sticks to Snakes
  1169 | D:1      | Reached XP level 3. HP: 31/31 MP: 4/6
  1258 | D:2      | Found a faded altar to an unknown god.
  1707 | D:2      | Reached XP level 4. HP: 28/38 MP: 5/7
  1843 | D:2      | Reached skill level 1 in Stealth
  1857 | D:2      | Learned a level 3 spell: Spider Form
  1929 | D:2      | Found a snail-covered altar of Cheibriados.
  1930 | D:2      | Found a shattered altar of Ashenzari.
  2066 | D:2      | Noticed Jessica
  2073 | D:2      | Killed Jessica
  2159 | D:2      | Became a worshipper of Cheibriados the Contemplative
  2221 | D:3      | Found an ancient bone altar of Kikubaaqudgha.
  2271 | D:3      | Reached skill level 1 in Poison Magic
  2271 | D:3      | Reached XP level 5. HP: 37/45 MP: 7/9
  2602 | D:3      | Reached * piety under Cheibriados
  3054 | D:4      | Noticed an ogre
  3067 | D:4      | HP: 2/45 [killer bee zombie (6)]
  3073 | D:4      | Slain by a killer bee zombie

Skill      XL: |  1  2  3  4  5 |
---------------+----------------+-----
Stealth        | 1 |  1.4
Poison Magic   | 1 |  1.0
Dodging        | 2 |  2.2
Fighting       | |  1.9
Unarmed Combat | |  3.7
Spellcasting   | |  2.9
Transmutations | |  2.9

Action                   |  1- 3 |  4- 6 || total
-------------------------+-------+-------++-------
Melee: Unarmed           |   115 |   127 ||   242
       Headbutt          |    13 |    18 ||    31
       Punch             |     1 |     2 ||     3
 Cast: Beastly Appendage |    26 |    25 ||    51
       Sticks to Snakes  |     1 |     6 ||     7
       Spider Form       |       |     3 ||     3
Invok: Bend Time         |       |     2 ||     2
 Abil: Spit Poison       |       |     1 ||     1
  Use: Scroll            |       |     6 ||     6
       Potion            |       |     1 ||     1
 Stab: Sleeping          |     2 |     2 ||     4
  Eat: Chunk             |     1 |     6 ||     7
Armor: Robe              |    15 |    38 ||    53
Dodge: Dodged            |    67 |   100 ||   167
